Cogmind - Beta 10.1 @@@ ROGUE MODE // 2020.10.01 @ 21:40:02 Player: Qethsegol Result: Destroyed by G-47 Trooper with Particle Gun Performance ------------- Evolutions (0) 0 Regions Visited (1) 200 Robots Destroyed (14) 70 Value Destroyed (297) 297 Prototype IDs (0) 0 Alien Tech Used (0) 0 Bonus (0) 0 TOTAL SCORE: 567 Bonus ------- None Cogmind --------- Core Integrity 0/250 Matter 300/300 Energy 425/425 System Corruption 0% Temperature Cool (9) Movement Walking (120) Location -10/Materials Parts ------- > --- POWER (1) -------- Light Ion Engine > --- PROPULSION (2) --- Aluminum Leg Aluminum Leg > --- UTILITY (2) ------ Small Storage Unit Large Battery > --- WEAPON (2) ------- (None) > --- INVENTORY (6) ---- Light Ion Engine Aluminum Leg Aluminum Leg Aluminum Leg Heat Sink Targeting Computer Peak State ------------ > --- POWER ------------ Light Ion Engine > --- PROPULSION ------- Aluminum Leg Aluminum Leg > --- UTILITY ---------- Small Storage Unit Large Battery > --- WEAPON ----------- Assault Rifle Assault Rifle > --- INVENTORY -------- Light Ion Engine Light Treads Light Treads Targeting Computer Light Assault Rifle [Rating: 7] Favorites ----------- Power Light Ion Engine Engine Light Ion Engine Propulsion Aluminum Leg Leg Aluminum Leg Utility Small Storage Unit Storage Small Storage Unit Weapon Assault Rifle Ballistic Gun Assault Rifle Build | -11 -10 ------- Run | Scr Mat Slots Evolved . | . . Power . | . . Propulsion . | . . Utility . | . . Weapon . | . . Parts Attached 13 | 7 6 Power 3 | 1 2 Engine 3 | 1 2 Core . | . . Reactor . | . . Propulsion 4 | 2 2 Treads . | . . Leg 4 | 2 2 Wheel . | . . Hover . | . . Flight . | . . Utility 2 | 1 1 Device . | . . Storage 2 | 1 1 Processor . | . . Hackware . | . . Protection . | . . Artifact . | . . Weapon 4 | 3 1 Energy Gun . | . . Energy Cannon . | . . Ballistic Gun 4 | 3 1 Ballistic Cannon . | . . Launcher . | . . Special Weapon . | . . Impact Weapon . | . . Slashing Weapon . | . . Piercing Weapon . | . . Special Melee Weapon . | . . Unidentified Prototypes . | . . Parts Lost 4 | . 4 Power 1 | . 1 Propulsion . | . . Utility . | . . Weapon 3 | . 3 Highest Loss Streak 1 | . 1 Average Slot Usage (%) 94 | . 94 Engine 13 | . 13 Leg 28 | . 28 Storage 24 | . 24 Ballistic Gun 25 | . 25 Naked Turns . | . . Heaviest Build 16 | 11 16 Greatest Support 20 | 20 20 Greatest Overweight (x) 1 | 1 . Average Overweight (x) . | . . Largest Inventory Capacity 6 | 6 6 Average Capacity 5 | 5 6 Most Carried 6 | 4 6 Average Carried 4 | 1 5 Final Capacity 6 | 6 6 Final Carried 6 | 4 6 Class Distribution -------------------- 100% | Mutant Dominant Class ---------------- Mutant | -10/Materials Resources | -11 -10 ----------- Run | Scr Mat Matter Collected 547 | 224 323 Remotely . | . . Salvage Created 486 | . 486 Parts 26 | . 26 Haulers Intercepted . | . . Recyclers Shooed . | . . Parts Field Recycled . | . . Retrieved Matter . | . . Parts Self-Destructed . | . . Prevented . | . . Kills | -11 -10 ------- Run | Scr Mat Combat Hostiles Destroyed 9 | . 9 Melee 1 | . 1 Guns 7 | . 7 AOE 1 | . 1 Classes Destroyed 5 | . 5 Worker 2 | . 2 Recycler 2 | . 2 Watcher 1 | . 1 Swarmer 3 | . 3 Grunt 6 | . 6 Best Kill Streak 3 | . 3 Combat Bots Only 3 | . 3 Max Kills in Single Turn 2 | . 2 Gunslinging . | . . Exploded 1 | . 1 Melee 1 | . 1 Uniques/NPCs Destroyed . | . . Combat | -11 -10 -------- Run | Scr Mat Damage Taken 800 | . 800 Core 251 | . 251 Absorbed by Shields . | . . Core Remaining (%) 100 | 100 . Volleys Fired 52 | . 52 Largest 2 | . 2 Hottest 40 | . 40 Shots Fired 85 | . 85 Gun 85 | . 85 Cannon . | . . Launcher . | . . Special . | . . Kinetic 85 | . 85 Thermal . | . . Explosive . | . . Electromagnetic . | . . Robot Hit Streak 10 | . 10 Robot Miss Streak 3 | . 3 Penetration Max . | . . Secondary Targets . | . . Shots Hit Robots 54 | . 54 Core Hits 24 | . 24 Critical Hits 1 | . 1 Critical Kills . | . . Critical Parts Destroyed 1 | . 1 Melee Attacks . | . . Impact . | . . Slashing . | . . Piercing . | . . Sneak Attacks . | . . Combat Hostiles . | . . Follow-up Attacks . | . . Damage Inflicted 744 | . 744 Guns 589 | . 589 Cannons . | . . Explosions 139 | . 139 Melee . | . . Ramming 16 | . 16 Kinetic 589 | . 589 Thermal . | . . Explosive 139 | . 139 Electromagnetic . | . . Impact . | . . Slashing . | . . Piercing . | . . Highest Corruption . | . . Average Corruption . | . . Corruption Purged . | . . Overload Shots . | . . Overflow Damage . | . . Projectiles . | . . Explosions . | . . Melee . | . . Knockbacks . | . . Impact . | . . Kinetic . | . . Secondary . | . . Self-Inflicted Damage 95 | . 95 Shots 1 | . 1 Rammed 1 | . 1 Targets Rammed 5 | . 5 Kicked 4 | . 4 Crushed . | . . Highest Temperature 6 | . 6 Average Temperature 3 | . 3 Received Heat Transfer 348 | . 348 Siege Activations . | . . Robots Corrupted . | . . Combat Hostiles . | . . Parts Fried . | . . Impact Corruptions . | . . Robots Melted . | . . Combat Hostiles . | . . Parts Melted . | . . Heat Transferred . | . . Parts Sabotaged . | . . Parts Stolen . | . . Parts Stripped . | . . Power Chain Reactions . | . . Missiles Intercepted . | . . Alert | -11 -10 ------- Run | Scr Mat Peak Influence 134 | . 134 Initial . | . . Average 53 | . 58 Maximum Alert Level . | . . Low Security (%) 100 | 100 100 Level 1 . | . . Level 2 . | . . Level 3 . | . . Level 4 . | . . Level 5 . | . . High Security . | . . Max Security . | . . Squads Dispatched 1 | . 1 Investigation 1 | . 1 Extermination . | . . Reinforcement . | . . Assault . | . . Garrison . | . . Intercept . | . . Construction Impeded . | . . Haulers Reinforced . | . . Stealth | -11 -10 --------- Run | Scr Mat Distress Signals 3 | . 3 Communications Jammed . | . . Distress Signals . | . . Times Spotted 18 | . 18 Peak Tracking Total 4 | . 4 Tactical Retreats 3 | . 3 Traps | -11 -10 ------- Run | Scr Mat Traps Triggered 1 | . 1 Indirectly . | . . Trap Hack Attempts . | . . Triggered . | . . Disarmed . | . . Reprogrammed . | . . Reused . | . . Traps Extracted . | . . Installed . | . . Triggered . | . . Machines | -11 -10 ---------- Run | Scr Mat Machines Disabled 2 | . 2 Max in Single Turn 2 | . 2 Machines Sabotaged . | . . Garrisons Compromised . | . . Overloaded Fab Kills . | . . Fab Network Shutdowns . | . . Hacking | -11 -10 --------- Run | Scr Mat Machines Accessed 1 | . 1 Terminals 1 | . 1 Fabricators . | . . Repair Stations . | . . Recycling Units . | . . Scanalyzers . | . . Garrison Access . | . . Total Hacks 1 | . 1 Successful 1 | . 1 Failed . | . . Catastrophic . | . . Database Lockouts . | . . Manual . | . . Terminals 1 | . 1 Fabricators . | . . Repair Stations . | . . Recycling Units . | . . Scanalyzers . | . . Garrison Access . | . . Terminal Hacks 1 | . 1 Robot Analysis 1 | . 1 Fabricator Hacks . | . . Repair Station Hacks . | . . Recycling Unit Hacks . | . . Scanalyzer . | . . Garrison Access Hacks . | . . Unauthorized Hacks . | . . Terminals . | . . Fabricators . | . . Repair Stations . | . . Recycling Units . | . . Scanalyzers . | . . Garrison Access . | . . Data Cores Recovered . | . . Used . | . . Hacking Detections 1 | . 1 Full Trace Events . | . . Feedback Events . | . . Feedback Blocked . | . . Robot Schematics Acquired . | . . Robots Built . | . . Matter . | . . Time . | . . Total Robot Build Rating . | . . Part Schematics Acquired . | . . Parts Built . | . . Matter . | . . Time . | . . Total Part Build Rating . | . . Parts Repaired . | . . Time . | . . Parts Recycled . | . . Recycled Matter . | . . Retrieved Matter . | . . Retrieved Components . | . . Parts Scanalyzed . | . . Part Schematics Acquired . | . . Parts Damaged . | . . Bothacking | -11 -10 ------------ Run | Scr Mat Used RIF Installer . | . . Robots Hacked . | . . Non-combat . | . . Combat . | . . Robot Hacks Applied . | . . Relay Couplers Released . | . . Robots Rewired . | . . Allies Hacked . | . . Hacks Repelled . | . . Allies | -11 -10 -------- Run | Scr Mat Total Allies . | . . Largest Group . | . . Highest-Rated Group . | . . Highest-Rated Ally . | . . Total Orders . | . . Ally Attacks . | . . Total Damage . | . . Kills . | . . Allies Corrupted . | . . Allies Melted . | . . Intel | -11 -10 ------- Run | Scr Mat Robot Analysis Total 1 | . 1 Derelict Logs Recovered . | . . Drone Launches . | . . Drone Recoveries . | . . Exploration | -11 -10 ------------- Run | Scr Mat Turns Passed 751 | 70 681 Spaces Moved 358 | 49 309 Core 8 | 8 . Treads . | . . Legs 350 | 41 309 Wheels . | . . Hover . | . . Flight . | . . Fastest Speed 50 | 50 120 Average Speed 119 | 115 120 Slowest Speed 120 | 120 120 Overloaded Moves . | . . Propulsion Burnouts . | . . Robots Hopped . | . . Cave-ins Triggered . | . . Exploration Rate (%) 19 | 4 35 Regions Visited 1 Branch Regions . Pre-discovered Areas . | . . Known Exits Taken . | . . Unknown Exits Taken 1 | 1 . Scrap Searched . | . . Spaces Dug . | . . Terrain Destroyed 31 | . 31 Melee . | . . Projectile . | . . AOE 31 | . 31 Terrain Rammed . | . . Walls Destroyed . | . . Machines Disabled . | . . Actions | -11 -10 --------- Run | Scr Mat Total 594 | 59 535 Wait 152 | . 152 Move 357 | 48 309 Hop . | . . Pick Up 9 | 4 5 Fast Attach 10 | 6 4 Attach . | . . Detach . | . . Swap 3 | 1 2 Drop 6 | . 6 Fire 52 | . 52 Melee . | . . Ram . | . . Kick 5 | . 5 Crush . | . . Escape Stasis . | . . Rewire . | . . Trap . | . . Miscellaneous . | . . Route ------- -11/Scrapyard -10/Materials (discovered 1 exit: [*Mat]) History --------- Turn | Location | Event 8 | -11/Scrapyard | Discovered new exit (range 15) 71 | -11/Scrapyard | Entered Materials 305 | -10/Materials | Build established: Mutant 523 | -10/Materials | Core integrity fell below 50% 591 | -10/Materials | Discovered new exit (range 16) 696 | -10/Materials | Core integrity fell below 20% 752 | -10/Materials | Destroyed by G-47 Trooper with Particle Gun Last Messages --------------- 00663_ U-05 Engineer lays Concrete. 00663_ K-01 Serf collects debris. 00665_ Extracted 3 matter. 00666_ U-05 Engineer lays Concrete. 00667_ Extracted 3 matter. 00670_ K-01 Serf collects debris. 00670_ R-06 Scavenger inserts Lgt. Treads into recycling unit. 00673_ Acquired 3 matter. 00673_ R-06 Scavenger inserts Aluminum Leg into recycling unit. 00680_ K-01 Serf collects debris. 00682_ R-06 Scavenger collects Lgt. Ion Engine. 00685_ R-06 Scavenger inserts Lgt. Ion Engine into recycling unit. 00689_ R-06 Scavenger collects Med. Matter Pod. 00743_ Assault Rifle destroyed. 00744_ Kicked G-34 Mercenary out of the way. 00745_ Slammed into G-34 Mercenary. 00746_ Kicked G-34 Mercenary out of the way. 00746_ G-34 Mercenary destroyed. 00747_ Acquired 24 matter. 00751_ Kicked G-47 Trooper out of the way. Map ----- +----------------------------------------------------+ | ???# # #????????????????????????? | | ???# ===%!*=+% #????????????????????????? | | ???# =%* #= #????????????????????????? | | ???# ###= #????????????????????????? | | ???## ##?# #?????? ???????????????? | | ????# #??## ####+######?????? #??????????????? | | ????# #???# ## #????????? #??????????????? | | ????# #???# ## #????????? #??????????????? | | ????# #???# ## #????????? ##?????????????? | | ????# #???# ## #????????? ??????????????? | | ????#* #???# ## #????????? ??????????????? | | ????# #?###+### ##????????# ??????????????? | | ????#%= #?# # #?????????# #??????????????? | | #####= #?# + #?????????# #??????????????? | | # #?# # ########??# #??????????????? | | # #?# # # !! #??# #??????????????? | | "" + #?#" # # !! #??# #??????????????? | | "" # #?#" # # #??# #??????????????? | | "" # #?#" # %+* "Y" #### #??????????????? | | # #?#T # # """ + #??????????????? | | ##### #?#" # #= #### #??????????????? | | ????# #?#" # ########### #??????????????? | | ????# #?#" # # """ # #??????????????? | | ##### #?# # # "T" # #??????????????? | | #?####### # g""" + #??????????????? | | ##### #?#! # # @""" # #??????????????? | | ##### #?# " # # """ # #??????????????? | | # #?# """ + # """ + #??????????????? | | # #?# """ # # ! """ #####??????????????? | | # #?# """ # < # =% #??????????????????? | | # #?# "" # ###########??????????????????? | | + #?# """ #####????????????????????????????? | | # #?# "" #????????????????????????????????? | | # #?# """ #????????????????????????????????? | | #####?# " #????????????????????????????????? | | #?????# #????????????????????????????????? | | #####?????# #????????????????????????????????? | | ??????????#######????????????????????????????????? | | ?????????????????????????????????????????????????? | | | | | | | | | | | | | | | | | | | | | | | +----------------------------------------------------+ Best States ------------- Heat Dissipation 25 Energy Generation 10 Energy Capacity 550 Matter Stores 300 Matter Capacity 300 Sight Range 16 Terrain Scan Density 10 Evasion (%) 40 Item Schematics ----------------- None Robot Schematics ------------------ None Fabricated ------------ Nothing Alien Tech Used ----------------- None Achievements -------------- None Challenges ------------ None Game ------ Seed NeutralizingPoweredChip Manual? 0 Play Time 00:08:39 Cumulative 14.8 hours Start 2020.10.01 @ 21:32:41 End 2020.10.01 @ 21:40:02 Sessions 1 Manual Loads 0 Difficulty Rogue Special Mode None Game No. 19 Rogue 19 Adventurer 0 Explorer 0 Win Type - Total 0 Types 0/0/0/0/0/0/0/0/0 Lore% 22 Gallery% 23 Achievement% 16 Wizard Run 0 Options --------- ASCII 1 Keyboard 1 Movement Numpad Keybinds 0 Fullscreen 2 Font 18/SmallcapsGlow Map View 76x50 Tactical HUD 1 Map Filters NONE Filters NONE Steam 1 RUN: a32269a8-1f07-470e-bc08-07c6dd399699